 Dungeon Crawl Stone Soup version 0.28.0-53-g5a82cb258f (webtiles) character file.

Game seed: 6872863145437870545

2399 safid the Severer (level 9, -2/71 HPs)
             Began as a Hill Orc Fighter on Aug 11, 2022.
             Was an Initiate of Beogh.
             Slain by a scorpion (6 damage)
             ... on level 6 of the Dungeon.
             The game lasted 00:09:54 (7813 turns).

safid the Severer (Hill Orc Fighter)                Turns: 7813, Time: 00:09:55

Health: -2/71      AC:  7    Str: 23    XL:     9   Next: 46%
Magic:  9/9        EV:  9    Int:  8    God:    Beogh [......]
Gold:   220        SH:  4    Dex: 10    Spells: 8/8 levels left

rFire   . . .      SeeInvis .   a - +0 war axe
rCold   . . .      Faith    .   c - +0 buckler
rNeg    . . .      Spirit   .   b - +0 scale mail
rPois   .          Reflect  .   (no helmet)
rElec   .          Harm     .   (no cloak)
rCorr   .          Rampage  .   (no gloves)
Will    .....                   (no boots)
Stlth   ..........              (no amulet)
HPRegen 0.21/turn               (no ring)
MPRegen 0.11/turn               (no ring)

@: no status effects
A: no striking features
a: Renounce Religion


You were on level 6 of the Dungeon.
You worshipped Beogh.
Beogh was noncommittal.
You visited 1 branch of the dungeon, and saw 6 of its levels.
You also visited: Ossuary.

You collected 220 gold pieces.

Inventory:

Hand Weapons
 a - a +0 war axe (weapon)
Missiles
 o - 9 poisoned darts (quivered)
Armour
 b - a +0 scale mail (worn)
 c - a +0 buckler (worn)
Jewellery
 y - an amulet of reflection
 A - a ring of wizardry
Wands
 h - a wand of iceblast (11)
 D - a wand of paralysis (7)
Scrolls
 g - 3 scrolls of teleportation
 j - a scroll of immolation {unknown}
 m - 2 scrolls of fear
 q - a scroll of magic mapping {unknown}
 r - a scroll of holy word {unknown}
 s - a scroll of torment {unknown}
 v - a scroll of noise {unknown}
 w - a scroll of blinking {unknown}
 x - a scroll of fog {unknown}
 B - a scroll of amnesia {unknown}
 C - a scroll of summoning {unknown}
Potions
 d - 5 potions of brilliance
 e - 5 potions of cancellation
 f - 2 potions of attraction {unknown}
 i - 3 potions of curing
 k - a potion of degeneration {unknown}
 l - 2 potions of magic {unknown}
 n - 3 potions of might
 p - a potion of mutation {unknown}
 t - a potion of lignification {unknown}
 u - a potion of flight {unknown}
 z - a potion of ambrosia {unknown}


   Skills:
 - Level 4.0 Fighting
 + Level 15.4 Axes
 - Level 4.0 Armour
 - Level 4.0 Shields


You had 8 spell levels left.
You didn't know any spells.
Your spell library contained the following spells:

 Spells                   Type           Power      Damage    Failure   Level
 Ignite Poison            Fire/Tmut/Pois 0%         N/A       99%         3
 Mephitic Cloud           Conj/Pois/Air  0%         N/A       99%         3
 Freezing Cloud           Conj/Ice/Air   0%         6-21      100%        5


Dungeon Overview and Level Annotations

Branches:
Dungeon (6/15)             Temple (0/1) D:4         Ossuary (visited)

Altars:
Cheibriados
Fedhas
Sif Muna

Shops:
D:4 =


Message History

You hit the scorpion. You closely miss the orc.
The orc warrior closely misses you.
The scorpion stings you but does no damage.
You barely miss the orc warrior.
The orc warrior is heavily wounded.
You hit the scorpion but do no damage. You slash the orc!
You kill the orc!
Beogh accepts your kill.
The scorpion stings you but does no damage.
The orc warrior hits you with a +0 long sword!
You closely miss the orc warrior.
The orc warrior is heavily wounded.
You barely miss the scorpion. You slash the orc!
You kill the orc!
Beogh accepts your kill. The scorpion stings you.
The orc warrior hits you with a +0 long sword!
You barely miss the scorpion.
The scorpion is lightly wounded.
You hit the orc warrior. The scorpion barely misses you.
Unknown command.
You barely miss the orc warrior.
The orc warrior is severely wounded.
You slash the scorpion!
The orc warrior hits you with a +0 long sword!
The scorpion stings you.
* * * LOW HITPOINT WARNING * * *
Unknown command.
You hit the orc warrior.
The orc warrior is severely wounded.
You hit the scorpion but do no damage.
The orc warrior hits you with a +0 long sword!
* * * LOW HITPOINT WARNING * * *
The scorpion stings you but does no damage.
Unknown command.
You feel better.
The orc warrior hits you with a +0 long sword!
* * * LOW HITPOINT WARNING * * *
The scorpion stings you.
You die...

##.[# ##.... .......
#.... ....... ###..#
###.....
#....####.#.....
#.......#..# .
###.........#####..#
##..........!#)..<..#
##......#.....@s......
#....#......#.o)...#.^
#.....<#.....#.....#
##.....#†...##........
##........#######....
#...........# ....
####....#........ #..
...#....#######.. .#
.....##.# #


You could see an orc warrior and a scorpion.

Vanquished Creatures
  Pikel (D:5)
  Duvessa (D:6)
  A water moccasin (D:6)
  An orc warrior (D:5)
  2 ice beasts
  Pargi (D:3)
  An ogre (D:5)
  2 phantoms
  7 scorpions (Ossuary)
  Dowan (D:6)
  A water moccasin skeleton (D:5)
  4 centaur zombies (Ossuary)
  A bullfrog zombie (D:6)
  An orc priest (D:5)
  A human zombie (Ossuary)
  2 iguanas (D:5)
  4 scorpion zombies
  2 hound skeletons (D:4)
  3 mummies (Ossuary)
  6 adders
  An ufetubus (D:5)
  An adder skeleton (D:4)
  3 dart slugs
  4 worms
  7 orcs
  6 ball pythons
  7 endoplasms
  4 giant cockroaches
  A gnoll zombie (Ossuary)
  8 goblins
  6 hobgoblins
  11 jackals
  2 quokkas (D:2)
  8 bats
  3 frilled lizards (D:1)
  2 goblin zombies (Ossuary)
  3 hobgoblin zombies (Ossuary)
  9 kobolds
  A kobold zombie (Ossuary)
  An orc zombie (Ossuary)
  A quokka skeleton (D:4)
  8 rats
140 creatures vanquished.

Vanquished Creatures (others)
  An orc priest (D:5)
  2 orc wizards (D:5)
  A shadow imp (D:5)
  A fungus (D:1)
  A plant (D:1)
6 creatures vanquished.

Grand Total: 146 creatures vanquished

Notes
Turn   | Place    | Note
-------+----------+-------------------------------------------
     0 | D:1      | safid the Hill Orc Fighter began the quest for the Orb.
     0 | D:1      | Reached XP level 1. HP: 19/19 MP: 1/1
    67 | D:1      | Found a faded altar of an unknown god.
   255 | D:1      | Reached XP level 2. HP: 26/27 MP: 2/2
   258 | D:1      | Reached skill level 3 in Axes
   876 | D:1      | Reached XP level 3. HP: 32/33 MP: 3/3
  1507 | D:2      | Reached XP level 4. HP: 36/40 MP: 4/4
  1655 | D:2      | Reached skill level 4 in Axes
  2054 | D:3      | Noticed Pargi
  2067 | D:3      | Killed Pargi
  2068 | D:3      | Reached skill level 6 in Axes
  2068 | D:3      | Reached XP level 5. HP: 17/46 MP: 5/5
  3068 | D:4      | Found a blossoming altar of Fedhas.
  3115 | D:4      | Found a sand-covered staircase.
  3122 | Ossuary  | Entered an ossuary
  3142 | Ossuary  | Reached XP level 6. HP: 36/52 MP: 6/6
  3253 | Ossuary  | Reached skill level 7 in Axes
  3496 | Ossuary  | Reached skill level 8 in Axes
  3548 | Ossuary  | Reached XP level 7. HP: 55/59 MP: 7/7
  3610 | Ossuary  | Reached skill level 9 in Axes
  3969 | Ossuary  | Reached skill level 10 in Axes
  4707 | Ossuary  | Reached skill level 11 in Axes
  4707 | Ossuary  | Reached XP level 8. HP: 66/66 MP: 8/8
  4839 | D:4      | Found Soigeab's Jewellery Boutique.
  5031 | D:4      | Found a staircase to the Ecumenical Temple.
  5635 | D:5      | Entered Level 5 of the Dungeon
  5643 | D:5      | Reached skill level 12 in Axes
  5646 | D:5      | Became a worshipper of Beogh the Brigand
  5758 | D:5      | Found a shimmering blue altar of Sif Muna.
  5766 | D:5      | Noticed Pikel
  5786 | D:5      | Killed Pikel
  5787 | D:5      | Reached skill level 13 in Axes
  6349 | D:5      | Reached skill level 14 in Axes
  6349 | D:5      | Reached XP level 9. HP: 49/71 MP: 9/9
  7415 | D:6      | Found a snail-covered altar of Cheibriados.
  7431 | D:6      | Noticed Duvessa
  7431 | D:6      | Noticed Dowan
  7442 | D:6      | Killed Dowan
  7447 | D:6      | Killed Duvessa
  7448 | D:6      | Reached skill level 15 in Axes
  7813 | D:6      | Slain by a scorpion

Illustrated notes

Levels and vault maps discovered:
D:1:      ncdulo_smallfort, layout_basic, dreamdust_ecumenical_altar_grove,
          minmay_pentomino_r4
D:2:      layout_rooms, kennysheep_generic_room_5
D:3:      layout_basic, nrook_loot_triangle, kennysheep_generic_room_8,
          uniq_pargi
D:4:      minmay_angry_zag, layout_gridville, fedhas_altar_1,
          minmay_temple_entry_wispy, chequers_ossuary_entry_cave, serial_shops,
          kennysheep_little_box
D:5:      layout_loops_ring, mainiacjoe_overflow_cross_hatched,
          roderic_three_in_a_row, kennysheep_small_spiral, uniq_pikel
D:6:      layout_cave_pools, cheibriados_altar_1, chequers_decorated_corner,
          uniq_duvessa, uniq_grinder

Skill      XL: |  1  2  3  4  5  6  7  8  9 |
---------------+----------------------------+-----
Axes           | 3 6 8 11 14 15 | 15.4
Fighting       | 4 |  4.0
Shields        | 4 |  4.0
Armour         | 4 |  4.0

Action                   |  1- 3 |  4- 6 |  7- 9 || total
-------------------------+-------+-------+-------++-------
Melee: War axe           |   116 |   130 |   258 ||   504
Invok: Convert to Beogh  |       |       |     1 ||     1
  Use: Potion            |       |     1 |     3 ||     4
       Scroll            |       |       |     5 ||     5
Armor: Scale mail        |    73 |    69 |    66 ||   208
Dodge: Dodged            |    69 |    78 |    77 ||   224
Block: Buckler           |    46 |    27 |    49 ||   122
